 Dungeon Crawl Stone Soup version 0.30-a0-937-ga0a21ad780 (webtiles) character file.

Game seed: 203377219052738507

373 FexLirch the Digger (level 7, 0/50 HPs)
             Began as a Meteoran Earth Elementalist on Mar 24, 2023.
             Was a Follower of Kikubaaqudgha.
             Killed from afar by Blork the orc (12 damage)
             ... with a puff of frost
             ... on level 4 of the Dungeon.
             The game lasted 00:06:05 (457 turns).

FexLirch the Digger (Meteoran Earth Elementalist)    Turns: 457, Time: 00:06:06

Health: 0/50       AC:  2    Str: 10    XL:     7   Next: 23%
Magic:  15/15      EV: 12    Int: 18    God:    Kikubaaqudgha [*.....]
Gold:   45         SH:  0    Dex: 15    Spells: 7/16 levels left

rFire   . . .      SeeInvis .    g - +0 long sword (flame)
rCold   . . .      Faith    .    (no shield)
rNeg    . . .      Spirit   .    a - +0 robe
rPois   .          Reflect  .    (no helmet)
rElec   .          Rampage  .    (no cloak)
rCorr   .                        (no gloves)
Will    .....                    (no boots)
Stlth   +                        (no amulet)
HPRegen 0.28/turn                (no ring)
MPRegen 0.14/turn                (no ring)

@: glowing
A: sense surroundings 1, otherworldly, glowing, explore regen
a: Renounce Religion, Unearth Wretches


You were on level 4 of the Dungeon.
You worshipped Kikubaaqudgha.
Kikubaaqudgha was aware of your devotion.
You visited 1 branch of the dungeon, and saw 4 of its levels.

You collected 45 gold pieces.

Inventory:

Hand Weapons
 c - a +0 dagger of venom
 g - a +0 long sword of flaming (weapon)
Missiles
 f - 3 boomerangs of dispersal
Armour
 a - a +0 robe (worn)
 h - an orb of wrath
Wands
 d - a wand of flame (4)
Potions
 b - a potion of magic


   Skills:
 - Level 2.4 Dodging
 - Level 1.4 Stealth
 + Level 5.2 Spellcasting
 + Level 4.3 Conjurations
 + Level 0.6 Necromancy
 - Level 1.2 Transmutations
 + Level 5.8 Earth Magic


You had 7 spell levels left.
You knew the following spells:

 Your Spells              Type           Power      Damage    Failure   Level
a - Sandblast             Erth           50%        2d12      1%          1
b - Passwall              Tmut/Erth      14%        N/A       4%          2
c - Stone Arrow           Conj/Erth      44%        3d9       4%          3
d - Necrotise             Necr           24%        1d5       10%         1
e - Sublimation of Blood  Necr           6%         N/A       16%         2

Your spell library contained the following spells:

 Spells                   Type           Power      Damage    Failure   Level
 Kiss of Death            Conj/Necr      52%        2d9       4%          1
 Cigotuvi's Dreadful Rot  Necr/Pois/Air  10%        N/A       19%         2
 Petrify                  Tmut/Erth      17%        N/A       30%         4


Dungeon Overview and Level Annotations

Branches:
Dungeon (4/15) Zot: 1915
 Temple: D:4-7

Altars:
Kikubaaqudgha

Shops:
D:4 ?

Annotations:
D:4 Blork the orc, Natasha


Innate Abilities, Weirdness & Mutations

You passively map a small area around you.
You are easily found by Zot.
You glow in the dark.
You regain HP and MP as you explore.


Message History

Unknown command.
Found 17 gold pieces.
Found a robe.
The orc attacks as you move away! The orc hits you with a +0 dagger.
* * * LOW HITPOINT WARNING * * *
Natasha claws you but does no damage.
A goblin comes into view. It is wielding a +0 club.
Found a leather armour.
Found Nafueppi's Magic Scroll Shop.
Natasha attacks as you move away! Natasha claws you!
* * * LOW HITPOINT WARNING * * *
The goblin shouts!
Natasha wildly gestures.
Natasha's front paws start to glow.
Casting: Stone Arrow (dangerous; 4% risk of failure)
Confirm with . or Enter, or press ? or * to list all spells.
Aiming: Stone Arrow (dangerous; 4% risk of failure)
Press: ? - help, Shift-Dir - straight line, f/p - Natasha
Aim: Natasha (64% to hit)
The stone arrow hits Natasha!!
You kill Natasha!
Kikubaaqudgha accepts your kill.
Natasha screams in fury as she dies!
The white imp disappears in a puff of smoke!
Your magical contamination has completely faded away.
Blork the orc and a kobold come into view.
Blork the orc shouts!
The kobold shouts!
Natasha and an orc come into view.
Natasha hisses angrily.
The orc shouts!
Natasha casts a spell at you. The magic dart hits you!
* * * LOW HITPOINT WARNING * * *
You see here 17 gold pieces.
As you read the scroll labelled NILIPI ZIJYA, it crumbles to dust.
The creatures around you are filled with an inner flame!
It was a scroll of immolation.
The goblin hits you with a +0 club.
* * * LOW HITPOINT WARNING * * *
Blork the orc points at you and mumbles some strange words.
The puff of frost hits you!
You die...
Kikubaaqudgha rasps: "You have failed me!
Welcome... death!"

......<###.###.#.#** ,
......w.....##.........#
#..#####.##.##.........#
#..###.wo# .##.........#
...#..h### *#...[..o..#
...#o##### *.........#
#......w.## ##.........
.........w####..........
...........o†...@.......
.........####h.$..K.....
.........# #..g.[......,
.........# #...........
......<..# #∩....o.....
, .........#
##.......h.. ,
......(..# ##.........,
.........# ########## **


You could see Blork the orc (inner flame), a black bear (inner flame), a worm
(inner flame), Natasha (inner flame), 2 orcs, a goblin (inner flame) and a
kobold (inner flame).

Vanquished Creatures
  Sigmund (D:4)
  An ogre (D:4)
  A howler monkey (D:4)
  Natasha (D:4)
  An orc wizard (D:4)
  2 adders
  2 worms (D:3)
  A dart slug (D:3)
  2 ball pythons (D:3)
  A bat (D:3)
  2 endoplasms
  A giant cockroach (D:2)
  3 goblins
  4 hobgoblins
  6 jackals
  2 kobolds
  4 rats
35 creatures vanquished.

Vanquished Creatures (others)
  4 fungi (D:3)
4 creatures vanquished.

Grand Total: 39 creatures vanquished

Notes
Turn   | Place    | Note
-------+----------+-------------------------------------------
     0 | D:1      | FexLirch the Meteoran Earth Elementalist began the quest
                  | for the Orb.
     0 | D:1      | Reached XP level 1. HP: 14/14 MP: 5/5
    65 | D:1      | Reached XP level 2. HP: 20/20 MP: 2/6
    70 | D:1      | Learned a level 2 spell: Passwall
    95 | D:2      | Reached skill level 1 in Conjurations
    97 | D:2      | Reached XP level 3. HP: 17/26 MP: 2/8
   148 | D:3      | Learned a level 3 spell: Stone Arrow
   152 | D:4      | Noticed a howler monkey
   154 | D:4      | Noticed a black bear
   155 | D:4      | Killed a howler monkey
   156 | D:4      | Reached XP level 4. HP: 33/33 MP: 7/10
   197 | D:4      | Noticed an ogre
   201 | D:4      | Killed an ogre
   202 | D:4      | Reached skill level 5 in Earth Magic
   202 | D:4      | Reached XP level 5. HP: 38/38 MP: 9/12
   205 | D:4      | Noticed Sigmund
   210 | D:4      | Reached XP level 6. HP: 40/45 MP: 10/13
   219 | D:4      | Killed Sigmund
   220 | D:4      | Reached skill level 5 in Spellcasting
   220 | D:4      | Reached XP level 7. HP: 25/50 MP: 13/15
   281 | D:3      | Found a faded altar of an unknown god.
   286 | D:3      | Prayed at the altar of an unknown god.
   286 | D:3      | Became a worshipper of Kikubaaqudgha
   286 | D:3      | Reached * piety under Kikubaaqudgha
   286 | D:3      | Received a gift from Kikubaaqudgha
   289 | D:3      | Learned a level 1 spell: Necrotise
   292 | D:3      | Learned a level 2 spell: Sublimation of Blood
   442 | D:4      | Noticed Natasha
   451 | D:4      | Found Nafueppi's Magic Scroll Shop.
   453 | D:4      | Killed Natasha
   454 | D:4      | Noticed Blork the orc
   455 | D:4      | Noticed Natasha
   457 | D:4      | Killed from afar by Blork the orc

Illustrated notes

Levels and vault maps discovered:
D:1:      saegor_arrival_simple_e, layout_basic
D:2:      kb_forest_paths, layout_basic, chequers_serial_rivers_room_a,
          hex_intersection, uniq_terence
D:3:      layout_basic, shapermc_ecumenical_altar_petra
D:4:      layout_rooms, serial_shops, shop, uniq_sigmund, uniq_blork_the_orc,
          uniq_natasha

Skill      XL: |  1  2  3  4  5  6 |
---------------+-------------------+-----
Spellcasting   | 3 4 5 |  5.2
Conjurations   | 1 2 3 4 |  4.3
Earth Magic    | 4 5 |  5.8
Dodging        | |  2.4
Stealth        | |  1.4
Necromancy     | |  0.6
Transmutations | |  1.2

Action                     |  1- 3 |  4- 6 |  7- 9 || total
---------------------------+-------+-------+-------++-------
  Melee: Dagger            |     2 |       |       ||     2
   Cast: Sandblast         |    19 |    11 |    24 ||    54
         Passwall          |     1 |       |     1 ||     2
         Necrotise         |       |       |     6 ||     6
         Stone Arrow       |       |       |     1 ||     1
  Evoke: Wand              |     1 |     7 |     1 ||     9
    Use: Scroll            |       |       |     1 ||     1
 Armour: Robe              |     3 |       |     4 ||     7
  Dodge: Dodged            |     5 |     3 |    27 ||    35

Table legend: (Time is in decaauts)
 A = Elapsed time spent in this place.
 B = Non-inter-level travel time spent in this place.
 C = Inter-level travel time spent in this place.
 D = Time resting spent in this place.
 E = Time spent auto-exploring this place.
 F = Levels seen in this place.
 G = Mean time per level.
                   A        B        C        D        E       F      G
               +--------+--------+--------+--------+--------+-----+--------+
         Total |    484 |    463 |     21 |      0 |      0 |   4 |  121.0 |
       Dungeon |    484 |    463 |     21 |      0 |      0 |   4 |  121.0 |
               +--------+--------+--------+--------+--------+-----+--------+

Top non-repeatable levels by time:
     D:3: 271 daAuts
     D:1: 86 daAuts
     D:4: 76 daAuts
     D:2: 50 daAuts
